 Dungeon Crawl Stone Soup version 0.26-a0-597-gb535b0901c (webtiles) character file.

Game seed: 3547082717969775115

164 Lanoc the Chiller (level 5, -5/45 HPs)
             Began as a Troll Ice Elementalist on Sept 3, 2020.
             Was a Believer of the Shining One.
             Slain by a gnoll sergeant
             ... wielding a +0 trident of venom
              (12 damage)
             ... on level 3 of the Dungeon.
             The game lasted 00:01:59 (537 turns).

Lanoc the Chiller (Troll Ice Elementalist)           Turns: 537, Time: 00:02:00

Health: -5/45      AC:  6    Str: 16    XL:     5   Next: 21%
Magic:  5/5        EV: 10    Int: 11    God:    the Shining One [**....]
Gold:   64         SH:  0    Dex: 11    Spells: 2/6 levels left

rFire    + . .     SeeInvis .   (no weapon)
rCold    + . .     Faith    .   (no shield)
rNeg     + . .     Spirit   .   a - +0 robe
rPois    +         Reflect  .   (helmet restricted)
rElec    +         Harm     .   (no cloak)
rCorr    +                      (gloves unavailable)
MR       .....                  (boots unavailable)
Stlth    +.........             (no amulet)
HPRegen  0.55/turn              (no ring)
MPRegen  0.09/turn              (no ring)

@: confused, lethally poisoned (-5 -> -15), resistant, glowing
A: large, unfitting armour, claws 3, regeneration 1, shaggy fur 1, tough skin 3
a: Divine Shield, Renounce Religion


You were on level 3 of the Dungeon.
You worshipped the Shining One.
The Shining One was pleased with you.
You visited 1 branch of the dungeon, and saw 3 of its levels.

You collected 64 gold pieces.

Inventory:

Missiles
 b - 4 atropa-tipped darts (quivered)
Armour
 a - a +0 robe (worn)
Scrolls
 d - a scroll of identify {unknown}
 f - a scroll of remove curse {unknown}
 g - a scroll of fear {unknown}
 h - a scroll of fog {unknown}


   Skills:
 + Level 2.8 Dodging
 - Level 1.0 Stealth
 - Level 1.2 Spellcasting
 * Level 4.3 Ice Magic


You had 2 spell levels left.
You knew the following spells:

 Your Spells              Type           Power        Failure   Level
a - Freeze                Ice            ##..         5%          1
b - Frozen Ramparts       Ice            ##....       16%         3

Your spell library contained the following spells:

 Spells                   Type           Power        Failure   Level
 Ozocubu's Armour         Ice            ##......     16%         3
 Hailstorm                Conj/Ice       #.......     77%         4
 Summon Ice Beast         Ice/Summ       #.......     77%         4


Dungeon Overview and Level Annotations

Branches:
Dungeon (3/15)

Altars:
Dithmenos
The Shining One

Annotations:
D:3 Natasha, Terence


Innate Abilities, Weirdness & Mutations

You are too large for most types of armour.
You have claws for hands.
Your natural rate of healing is unusually fast.
You are covered in fur. (AC +1)
You have extremely tough skin. (AC +3)


Message History

* * * LOW HITPOINT WARNING * * *
You are poisoned.
The gnoll barely misses you.
It was a potion of resistance.
You feel protected.
You feel sick.
The gnoll sergeant hits you from afar with a +0 trident of venom.
* * * LOW HITPOINT WARNING * * *
You are more poisoned.
The gnoll barely misses you.
It was a potion of ambrosia.
You are confused.
You feel invigorated.
* * * LOW HITPOINT WARNING * * *
You feel sick. The gnoll sergeant barely misses you.
You bump into the stone wall.
* * * LOW HITPOINT WARNING * * *
You feel sick.
The gnoll sergeant is no longer blind.
The gnoll misses you.
The gnoll sergeant hits you from afar with a +0 trident of venom!
You die...

............#####################
.....†...........................
≈≈≈≈≈≈....≈≈≈≈≈≈≈†≈≈≈≈≈≈≈≈≈≈≈...P
≈≈≈≈≈≈..(.≈≈≈≈≈≈≈≈≈≈≈≈≈≈≈≈≈≈≈....
≈≈≈≈≈≈....≈≈≈≈≈≈≈≈≈≈≈≈#####≈≈....
......................#gg@#≈≈....
######''''#############...#≈≈P...
#...g#######..#..#+###≈≈....
+..gggggggg@..#l.# #.≈≈≈....
#...g#######..#..# #.≈≈≈....
##''## ####### #.≈≈≈.... .g...
#.≈≈≈.^P. ...g.gg. #.≈≈≈....
g......gg$. #.≈≈≈....
............ #.≈≈≈....
######++##### #.≈≈≈....
#+###≈≈....


You could see a wyvern, a gnoll sergeant, a gnoll shaman and 7 gnolls.

Vanquished Creatures
  A gnoll shaman (D:3)
  4 adders (D:3)
  5 gnolls (D:3)
  A dart slug (D:3)
  3 bats (D:3)
  A giant cockroach (D:3)
  4 goblins (D:3)
  A hobgoblin (D:3)
  19 jackals (D:3)
  A quokka (D:3)
  A frilled lizard (D:3)
  3 kobolds
  A leopard gecko skeleton (D:3)
  3 rats
48 creatures vanquished.

Vanquished Creatures (others)
  2 plants (D:3)
2 creatures vanquished.

Grand Total: 50 creatures vanquished

Notes
Turn   | Place    | Note
-------+----------+-------------------------------------------
     0 | D:1      | Lanoc the Troll Ice Elementalist began the quest for the
                  | Orb.
     0 | D:1      | Reached XP level 1. HP: 16/16 MP: 1/1
    39 | D:1      | Reached skill level 3 in Ice Magic
    91 | D:2      | Found a faded altar of an unknown god.
    99 | D:2      | Became a worshipper of the Shining One
    99 | D:2      | Reached * piety under the Shining One
   111 | D:3      | Found a shadowy altar of Dithmenos.
   131 | D:3      | Reached XP level 2. HP: 24/24 MP: 2/2
   170 | D:3      | Reached XP level 3. HP: 25/31 MP: 3/3
   227 | D:3      | Learned a level 3 spell: Frozen Ramparts
   244 | D:3      | Reached XP level 4. HP: 37/39 MP: 2/4
   311 | D:3      | Reached ** piety under the Shining One
   375 | D:3      | Noticed Natasha
   405 | D:3      | Noticed Terence
   421 | D:3      | Reached skill level 4 in Ice Magic
   506 | D:3      | Noticed a gnoll sergeant
   517 | D:3      | Noticed a wyvern
   525 | D:3      | Reached XP level 5. HP: 24/45 MP: 2/5
   537 | D:3      | Slain by a gnoll sergeant

Illustrated notes

Levels and vault maps discovered:
D:1:      psy_arrival_wood_between_worlds, layout_basic, minivault_25,
          grunt_decor_arrowhead
D:2:      layout_basic, dancing_weapons_uskayaw,
          chequers_ecumenical_altar_simple_redux, fedhas_ov_isle_minmay
D:3:      lemuel_castle_with_subvaults [lemuel_castle_interior_original],
          layout_rooms, nicolae_overflow_crystal_walls, marbit_many_paths,
          kennysheep_flooded_box, chequers_mini_garden, uniq_robin,
          uniq_terence, uniq_natasha

Skill      XL: |  1  2  3  4 |
---------------+-------------+-----
Ice Magic      | 3 4 |  4.3
Dodging        | 2 |  2.8
Stealth        | |  1.0
Spellcasting   | |  1.2

Action                   |  1- 3 |  4- 6 || total
-------------------------+-------+-------++-------
Melee: Unarmed           |    72 |    68 ||   140
Throw: Dart              |       |     4 ||     4
 Cast: Freeze            |     3 |       ||     3
       Frozen Ramparts   |       |     1 ||     1
  Use: Potion            |       |     2 ||     2
Armor: Robe              |    42 |    33 ||    75
Dodge: Dodged            |    40 |    62 ||   102

Table legend: (Time is in decaauts)
 A = Elapsed time spent in this place.
 B = Non-inter-level travel time spent in this place.
 C = Inter-level travel time spent in this place.
 D = Time resting spent in this place.
 E = Time spent auto-exploring this place.
 F = Levels seen in this place.
 G = Mean time per level.
                   A        B        C        D        E       F      G
               +--------+--------+--------+--------+--------+-----+--------+
         Total |    544 |    539 |      5 |      0 |    258 |   3 |  181.3 |
       Dungeon |    544 |    539 |      5 |      0 |    258 |   3 |  181.3 |
               +--------+--------+--------+--------+--------+-----+--------+

Top non-repeatable levels by time:
     D:3: 439 daAuts
     D:1: 82 daAuts
     D:2: 22 daAuts
